 Dungeon Crawl Stone Soup version 0.30-a0-571-gdf30a72648 (webtiles) character file.

Game seed: 8911236275356883601

3119 greenreed the Basher (level 9, 0/81 HPs)
             Began as a Minotaur Fighter on Dec 29, 2022.
             Was an Initiate of Nemelex Xobeh.
             Slain by a sixfirhy (11 damage)
             ... summoned by a kobold demonologist
             ... on level 6 of the Dungeon.
             The game lasted 00:11:03 (6260 turns).

greenreed the Basher (Minotaur Fighter)             Turns: 6260, Time: 00:11:04

Health: 0/81       AC: 15    Str: 24    XL:     9   Next: 60%
Magic:  8/8        EV:  7    Int:  5    God:    Nemelex Xobeh [......]
Gold:   368        SH:  5    Dex: 11    Spells: 8/8 levels left

rFire   . . .      SeeInvis +    G - +3 trident
rCold   . . .      Faith    +    c - +0 buckler
rNeg    . . .      Spirit   .    y - +0 plate armour
rPois   +          Reflect  .    (helmet restricted)
rElec   .          Harm     .    x - +0 cloak
rCorr   .          Rampage  .    (no gloves)
Will    .....                    (no boots) Stlth
                                 o - amulet of faith
HPRegen 0.33/turn                A - ring of see invisible
MPRegen 0.11/turn                B - ring of poison resistance

@: no status effects
A: horns 2, retaliatory headbutt
a: Renounce Religion, Draw Escape, Draw Destruction, Draw Summoning


You were on level 6 of the Dungeon.
You worshipped Nemelex Xobeh.
Nemelex Xobeh was noncommittal.
You visited 2 branches of the dungeon, and saw 8 of its levels.
You also visited: Sewer.

You collected 420 gold pieces.
You spent 52 gold pieces at shops.

Inventory:

Hand Weapons
 G - a +3 trident (weapon)
 I - a +3 flail
Armour
 c - a +0 buckler (worn)
 x - a +0 cloak (worn)
 y - a +0 plate armour (worn)
Jewellery
 o - an amulet of faith (around neck)
 A - a ring of see invisible (left hand)
 B - a ring of poison resistance (right hand)
Wands
 a - a wand of flame (17)
 w - a wand of acid (9)
 H - a wand of charming (9)
Scrolls
 f - 7 scrolls of noise {unknown}
 i - 2 scrolls of enchant armour {unknown}
 j - 3 scrolls of blinking {unknown}
 k - 7 scrolls of identify
 l - a scroll of amnesia {unknown}
 m - 4 scrolls of teleportation {unknown}
 n - 2 scrolls of torment {unknown}
 p - a scroll of fog {unknown}
 q - a scroll of silence {unknown}
 t - 2 scrolls of magic mapping {unknown}
 u - 2 scrolls of enchant weapon {unknown}
 D - 2 scrolls of fear {unknown}
Potions
 b - a potion of resistance {unknown}
 d - 4 potions of might
 e - 5 potions of heal wounds {unknown}
 g - 6 potions of curing
 h - 2 potions of attraction {unknown}
 r - 2 potions of brilliance {unknown}
 s - 2 potions of cancellation {unknown}
 v - 2 potions of degeneration {unknown}
 z - 2 potions of flight {unknown}
 C - a potion of magic {unknown}
 E - 3 potions of mutation {unknown}
 F - a potion of invisibility {unknown}


   Skills:
 * Level 8.0 Fighting
 * Level 10.9 Maces & Flails
 + Level 9.2 Armour
 + Level 1.1 Dodging
 + Level 0.3 Stealth
 + Level 5.5 Shields
 * Level 1.2 Invocations


You had 8 spell levels left.
You didn't know any spells.
Your spell library contained the following spells:

 Spells                   Type           Power      Damage    Failure   Level
 Kiss of Death            Conj/Necr      0%         2d5       100%        1
 Summon Small Mammal      Summ           0%         N/A       100%        1
 Ensorcelled Hibernation  Hex/Ice        0%         N/A       100%        2
 Call Canine Familiar     Summ           0%         N/A       100%        3
 Confusing Touch          Hex            0%         N/A       100%        3
 Spider Form              Tmut/Pois      0%         N/A       100%        3
 Summon Guardian Golem    Hex/Summ       0%         N/A       100%        3
 Anguish                  Hex/Necr       0%         N/A       100%        4
 Dispel Undead            Necr           0%         3d6       100%        4


Dungeon Overview and Level Annotations

Branches:
Dungeon (7/15)             Temple (1/1) D:7           Sewer (visited)

Altars:
Ashenzari
Cheibriados
Dithmenos
Elyvilon
Gozag
Hepliaklqana
Makhleb
Nemelex Xobeh
Okawaru
Ru
Sif Muna
Trog
Uskayaw
Vehumet
Wu Jian
Xom
Yredelemnul
Zin
The Shining One

Shops:
D:6 ?   D:7 (

Portals:
Abyss: D:7

Annotations:
D:6 1 transporter
D:7 2 transporters, jfcaron's ghost, novice DsMo


Innate Abilities, Weirdness & Mutations

You have a pair of horns on your head.
You reflexively headbutt those who attack you in melee.


Message History

You reach to attack!
You barely miss the kobold demonologist.
The kobold demonologist is moderately wounded.
The shadow imp gestures at you. Pain shoots through your body!
Unknown command.
The kobold demonologist looks satisfied for a moment.
The orc priest casts a cantrip, but nothing happens.
You enter the shallow water.
Moving in this stuff is going to be slow.
The orc priest begins to cast a cantrip, but forgets the words!
The kobold demonologist looks encouraged for a moment.
The shadow imp gestures at you.
You struggle to resist.
The kobold demonologist casts a cantrip, but nothing happens.
The shadow imp spits at you.
The orc priest invokes the aid of Beogh against you.
Beogh smites you!
The orc priest calls down the wrath of Beogh upon you.
Beogh smites you! The shadow imp gestures at you.
Pain shoots through your body!
* * * LOW HITPOINT WARNING * * *
You open the door.
The orc priest invokes the aid of Beogh against you.
Pain shoots through your body!
* * * LOW HITPOINT WARNING * * *
There is an open door here.
The kobold demonologist mumbles some strange words.
You close the door.
D - 2 scrolls labelled NEONIL HUMNIQ (gained 1)
A sixfirhy breaks down the door.
The kobold demonologist looks satisfied for a moment.
You feel better. You block the sixfirhy's attack.
The sixfirhy hits you but does no damage.
The sixfirhy hits you.
* * * LOW HITPOINT WARNING * * *
The sixfirhy shocks you!
You die...
Your body disappears without a glow.

####..##.## ########....
#.##......#####...........
##........##........>.####
#######...#...........##
#####...............##
#.....©...............
#.#########...........
#.#8P$©$P8#...........
#.#~.@.$.~#......^....
#.####3####......#....
#.#o≈...≈5#......##...
#.#5≈...≈o#......##.##
#.#o≈~~~≈K#...#####.##
#.#.≈~♣~≈K#.#.### ♣.♣#
#[#.≈~~~≈o#.....##♣.♣#
#.#.≈...≈.#......#♣.♣#
#.#.≈...≈.#......#♣.♣#


You could see 2 kobold demonologists, a sixfirhy (summoned), 4 orc priests and 2
shadow imps.

Vanquished Creatures
  A shadow (D:6)
  A steam dragon (D:6)
  3 water moccasins
  A sky beast (D:7)
  An ice beast (D:5)
  A black bear (D:5)
  3 ogres
  5 scorpions
  A bullfrog (D:5)
  A necrophage (D:6)
  9 wights (D:7)
  5 killer bees (D:7)
  A vampire bat (D:6)
  3 hounds
  2 gnoll boudas
  Jessica (D:2)
  Terence (D:3)
  6 orc wizards
  5 iguanas
  A statue (D:5)
  8 gnolls
  17 adders
  A shadow imp (D:6)
  3 white imps
  An ufetubus (D:6)
  2 worms
  3 dart slugs
  12 orcs
  8 endoplasms
  5 giant cockroaches
  4 hobgoblins
  A jackal (Sewer)
  4 quokkas
  5 ball pythons
  10 bats
  4 frilled lizards
  9 goblins
  6 kobolds
  4 rats
159 creatures vanquished.

Notes
Turn   | Place    | Note
-------+----------+-------------------------------------------
     0 | D:1      | greenreed the Minotaur Fighter began the quest for the Orb.
     0 | D:1      | Reached XP level 1. HP: 19/19 MP: 0/0
    95 | D:1      | Reached XP level 2. HP: 22/27 MP: 1/1
   699 | D:2      | Reached XP level 3. HP: 33/33 MP: 2/2
   735 | D:2      | Reached skill level 3 in Maces & Flails
   789 | D:2      | Reached XP level 4. HP: 39/41 MP: 3/3
   806 | D:2      | Identified the +1 sling "Ycigus Akhla" {drain, Will+}
   852 | D:2      | Noticed Jessica
   859 | D:2      | Killed Jessica
   860 | D:2      | Reached skill level 5 in Fighting
  1518 | D:3      | Reached XP level 5. HP: 48/48 MP: 4/4
  2040 | D:3      | Noticed Terence
  2054 | D:3      | Killed Terence
  2055 | D:3      | Reached skill level 4 in Maces & Flails
  2424 | D:4      | Reached skill level 5 in Armour
  2876 | D:4      | Reached XP level 6. HP: 42/56 MP: 5/5
  3111 | D:5      | Entered Level 5 of the Dungeon
  3159 | D:5      | Reached skill level 5 in Maces & Flails
  3182 | D:5      | Found an opulent altar of Gozag.
  3218 | D:5      | Found a radiant altar of Vehumet.
  3322 | D:5      | Reached XP level 7. HP: 60/62 MP: 6/6
  3356 | D:5      | Identified the +9 falchion "Plojy" {heavy, *Rage rC++}
  3373 | D:5      | Reached skill level 6 in Maces & Flails
  3647 | D:5      | Reached skill level 7 in Maces & Flails
  3835 | D:5      | Reached XP level 8. HP: 44/70 MP: 7/7
  3861 | D:6      | Found a glowing drain.
  3863 | D:6      | Reached skill level 8 in Maces & Flails
  3872 | Sewer    | Entered a sewer
  4202 | D:6      | Reached skill level 9 in Maces & Flails
  4313 | D:6      | Found a transporter.
  4326 | D:6      | Noticed a kobold demonologist
  4329 | D:6      | Noticed a kobold demonologist
  4341 | D:6      | Found a transporter.
  4459 | D:6      | Reached skill level 5 in Shields
  4488 | D:6      | Found Olutemnu's Magic Scroll Shop.
  4495 | D:6      | Bought a scroll of identify for 26 gold pieces
  4495 | D:6      | Bought a scroll of identify for 26 gold pieces
  4569 | D:6      | Found a white marble altar of Elyvilon.
  4569 | D:6      | Found a bloodstained altar of Trog.
  4569 | D:6      | Found a broken altar of Ashenzari.
  4580 | D:6      | Reached skill level 1 in Dodging
  4594 | D:6      | Found a hazy altar of Hepliaklqana.
  4598 | D:6      | Found a glowing silver altar of Zin.
  4603 | D:6      | Found a basalt altar of Yredelemnul.
  4604 | D:6      | Found a burning altar of Makhleb.
  4795 | D:7      | Reached XP level 9. HP: 77/79 MP: 8/8
  4829 | D:7      | Reached skill level 10 in Maces & Flails
  4951 | D:7      | Found a transporter.
  4963 | D:7      | Found a staircase to the Ecumenical Temple.
  5024 | D:7      | Found Ritosez's Weapon Emporium.
  5160 | Temple   | Entered the Ecumenical Temple
  5190 | Temple   | Became a worshipper of Nemelex Xobeh the Trickster
  5681 | D:7      | Reached skill level 1 in Invocations
  5804 | D:7      | Found a transporter.
  5822 | D:7      | Found a one-way gate to the infinite horrors of the Abyss.
  5823 | D:7      | Noticed jfcaron's ghost (novice DsMo)
  5836 | D:7      | Noticed a red devil
  5927 | D:7      | Identified the +1 ring mail of Wuyc {rF- rCorr Str+3}
  6257 | D:6      | Noticed a sixfirhy
  6260 | D:6      | Slain by a sixfirhy

Illustrated notes

Levels and vault maps discovered:
D:1:      scummos_arrival_checkerplants, layout_loops_cross
D:2:      layout_loops_ring, minmay_pentomino_x2, uniq_jessica
D:3:      layout_loops_ring, kennysheep_nub, st_stairs_12, grunt_ministairs_2,
          uniq_terence
D:4:      layout_gridville
D:5:      layout_rooms, vehumet_statue,
          nicolae_gozag_cash_rules_everything_around_me
D:6:      gammafunk_wand_slinger, layout_cave_pools,
          nicolae_overflow_hallway_of_the_gods, portal_sewer_entry_d,
          serial_shops, nicolae_square_shop, grunt_ministairs_2,
          roderic_batcave, dreamdust_princess_corridor
D:7:      layout_loops_ring, minmay_temple_entry_trees, serial_shops, shop,
          gammafunk_ghost_abyssal_escape
Temple:   cyrus_temple_forest

Skill      XL: |  1  2  3  4  5  6  7  8  9 |
---------------+----------------------------+-----
Armour         | 4 5 6 8 9 |  9.2
Fighting       | 4 5 6 7 8 |  8.0
Shields        | 4 5 |  5.5
Maces & Flails | 3 4 5 7 9 10 | 10.9
Dodging        | 1 |  1.1
Invocations    | 1 |  1.2
Stealth        | |  0.3

Action                   |  1- 3 |  4- 6 |  7- 9 || total
-------------------------+-------+-------+-------++-------
Melee: Flail             |    73 |   147 |   269 ||   489
       Headbutt          |     9 |    22 |    47 ||    78
       Trident           |       |       |     6 ||     6
  Use: Potion            |       |     1 |     1 ||     2
Armor: Scale mail        |    37 |    35 |       ||    72
       Plate armour      |       |    41 |   150 ||   191
Dodge: Dodged            |    44 |    46 |   104 ||   194
Block: Buckler           |    15 |    24 |    58 ||    97

Table legend: (Time is in decaauts)
 A = Elapsed time spent in this place.
 B = Non-inter-level travel time spent in this place.
 C = Inter-level travel time spent in this place.
 D = Time resting spent in this place.
 E = Time spent auto-exploring this place.
 F = Levels seen in this place.
 G = Mean time per level.
                   A        B        C        D        E       F      G
               +--------+--------+--------+--------+--------+-----+--------+
         Total |   6335 |   6062 |    273 |    390 |   4425 |   9 |  703.9 |
       Dungeon |   5911 |   5676 |    235 |    279 |   4201 |   7 |  844.4 |
        Temple |    211 |    173 |     38 |    111 |     45 |   1 |  211.0 |
         Sewer |    213 |    213 |      0 |      0 |    179 |   1 |  213.0 |
               +--------+--------+--------+--------+--------+-----+--------+

Top non-repeatable levels by time:
     D:7: 1202 daAuts
     D:3: 1091 daAuts
     D:6: 829 daAuts
     D:4: 728 daAuts
     D:5: 717 daAuts
     D:2: 673 daAuts
     D:1: 668 daAuts
   Sewer: 213 daAuts
  Temple: 211 daAuts
